AoeStats
← Кто играет в team

Black Forest

504434040Analyzed
2v2 RM · 27d ago on Sep 5, 2026· 35m 43s· 4 players
Game mode
Random Map
Map size
Medium (4 player)
Population
200
Speed
Normal
Resources
Standard
Victory
Conquest
Starting age
Dark Age
Ending age
Imperial Age
RankedLock teamsTeams togetherTeam positionsShared explorationLock speedFull tech treeHidden civsTurbo modeCheats
Victory
Defeat
🇹🇷 Turks · Türkiye
793
+15
🇹🇷 Bohemians · Türkiye
760
+16
781
-16
🇺🇸 Bohemians · United States
742
-15
dnga_559wrestling
13:12 Feudal Age
20:59 Castle Age
24:57 Fletching
35:41 Chemistry
Кто играет в team
0:32 Loom
11:52 Feudal Age
12:16 Horse Collar
13:54 Double-Bit Axe
18:58 Castle Age
24:18 Heavy Plow
27:45 Wheelbarrow
28:17 Bow Saw
28:31 Pikeman
32:05 Padded Archer Armor
31:56 Fletching
32:41 Thumb Ring
31:59 Elite Skirmisher
34:32 Kamandaran
34:51 Leather Archer Armor
34:32 Bodkin Arrow
34:39 Scale Mail Armor
35:19 Bodkin Arrow
36:00 Forging
APO
2:37 Loom
14:18 Feudal Age
15:45 Wheelbarrow
18:33 Double-Bit Axe
18:40 Horse Collar
22:15 Castle Age
20:27 Fishing Lines
28:07 Imperial Age
25:30 Gillnets
30:23 Hand Cart
34:17 Bow Saw
34:03 Town Watch
Çağlar Toretto
1:37 Loom
14:46 Feudal Age
16:03 Double-Bit Axe
15:59 Horse Collar
16:17 Fishing Lines
20:23 Castle Age
22:44 Bow Saw
23:56 Gold Mining
24:19 Gillnets
28:03 Wheelbarrow
29:59 Imperial Age
27:19 Town Watch
28:54 Ballistics
28:33 Murder Holes
28:42 Caravan
28:41 Stone Mining
30:26 Bloodlines
30:17 Husbandry
30:39 Hand Cart
33:21 Sanctity
32:54 Treadmill Crane
33:35 Bombard Tower
32:47 Cavalier
33:55 Parthian Tactics
34:19 Thumb Ring
34:41 Town Patrol
34:34 Fletching
34:44 Padded Archer Armor
34:49 Scale Barding Armor
35:40 Conscription
35:51 Conscription
35:51 Artillery
36:32 Sipahi
Connection lost

Rejoining the realm…

Still unreachable

The connection could not be restored.

Session expired

The server has moved on; the page needs a fresh start.